 Dungeon Crawl Stone Soup version 0.29-a0-275-g389c0b56f3 (webtiles) character file.

Game seed: 13847419771447141042

42 riojii the Magician (level 3, 6/27 HPs)
             Began as a Djinni Fire Elementalist on Mar 10, 2022.
             Quit the game on level 2 of the Dungeon.
             The game lasted 00:02:12 (1893 turns).

riojii the Magician (Djinni Fire Elementalist)      Turns: 1893, Time: 00:02:13

Health: 6/27       AC:  4    Str:  7    XL:     3   Next: 77%
Gold:   45         EV: 12    Int: 18    God:
                   SH:  0    Dex: 13

rFire   + + .      SeeInvis .   (no weapon)
rCold   x . .      Faith    .   (no shield)
rNeg    . . .      Spirit   .   a - +0 robe
rPois   ∞          Reflect  .   d - +2 hat
rElec   .          Harm     .   (no cloak)
rCorr   .          Rampage  .   (no gloves)
Will    .....                   (boots unavailable)
Stlth   ++........              (no amulet)
HPRegen 0.09/turn               (no ring)
MPRegen 0.00/turn               (no ring)

@: flying, very slightly contaminated
A: sickness immunity, fire resistance 2, cold vulnerability 1, float, innate
caster, HP casting, extra vitality 1
a: no special abilities


You were on level 2 of the Dungeon.
You visited 1 branch of the dungeon, and saw 2 of its levels.

You collected 45 gold pieces.

Inventory:

Armour
 a - a +0 robe (worn)
 d - a +2 hat (worn)
Potions
 b - a potion of magic {unknown}
 c - 2 potions of might
 e - a potion of curing {unknown}
 f - a potion of berserk rage {unknown}
 g - a potion of heal wounds {unknown}
 h - a potion of haste {unknown}


   Skills:
 + Level 1.2 Fighting
 + Level 2.8 Dodging
 - Level 1.5 Stealth
 * Level 3.0 Spellcasting


You couldn't memorise any spells.
You knew the following spells:

 Your Spells              Type           Power      Damage    Failure   Level
a - Foxfire               Conj/Fire      52%        2x1d6     4%          1
b - Scorch                Fire           26%        2d6       7%          2
c - Conjure Flame         Conj/Fire      13%        6-21      14%         3
d - Inner Flame           Hex/Fire       13%        N/A       14%         3
e - Flame Wave            Conj/Fire      13%        2d6       43%         4
f - Sandblast             Erth           26%        2d8       4%          1
Your spell library was empty.

Dungeon Overview and Level Annotations

Branches:
Dungeon (2/15)

Altars:
Ashenzari

Annotations:
D:2 Terence


Innate Abilities, Weirdness & Mutations

You are immune to sickness and miasma.
You are immune to poison.
Your flesh is very heat resistant. (rF++)
You are vulnerable to cold. (rC-)
You float through the air rather than walking.
You learn spells naturally, not from books.
Your magical power is your life essence.
You have superior vitality. (+4 MHP)


Message History

Your foxfire dissipates! x2
There is a stone staircase leading down here.
Found a ring mail.
You now have 45 gold pieces (gained 10).
Found a stone staircase leading down.
h - a red potion You see here a +0 ring mail.
Terence and a kobold come into view.
Found a stone staircase leading up.
The kobold shouts!
A goblin comes into view. It is wielding a +0 dagger.
The kobold moves out of view.
You conjure some foxfire!
Terence shouts!
You conjure some foxfire!
You miscast Foxfire.
You are very lightly contaminated with residual magic.
Nothing appears to happen.
The foxfire hits the kobold but does no damage.
The foxfire hits the kobold.
You kill the kobold!
The foxfire hits Terence but does no damage. x2
A dart slug comes into view.
You conjure some foxfire!
You conjure some foxfire!
The foxfire hits Terence but does no damage. x2
Terence hits you with a +0 mace!
Casting: Foxfire (safe; 4% risk of failure)
Confirm with . or Enter, or press ? or * to list all spells.
You miscast Scorch.
Nothing appears to happen.
The foxfire hits Terence.
Terence is lightly wounded.
The foxfire hits Terence.
Terence is lightly wounded.
Terence shouts, "DIE!!!"
Terence barely misses you. Terence attacks as you move away!
Terence hits you with a +0 mace.
You see here a +0 ring mail.
Terence attacks as you move away! Terence hits you with a +0 mace.
* * * LOW HITPOINT WARNING * * *
Are you sure you want to abandon this character and quit the game? (Confirm with "yes".)

######..... #...
.>.....##.........÷ ....
..##......####..... .....
#.................. .....
#.........###...... ......
#.........###.)....
.....)######.........##.)._...
.........##..........##.......
......w..[.g@@................
<....#.............>..####.#..
.... #.###[..............#....
## #. #.#.#.............#.. #.
...#.#.......####...##
........#.......# ...
..........:.....# ..
........##.......# . ...
#.......#


You could see Terence, a dart slug and a goblin.

Vanquished Creatures
  An adder (D:2)
  A dart slug (D:1)
  3 ball pythons (D:1)
  An endoplasm (D:2)
  4 goblins
  4 hobgoblins
  2 jackals (D:2)
  2 bats
  2 frilled lizards (D:2)
  5 kobolds
  6 rats
31 creatures vanquished.

Vanquished Creatures (others)
  184 foxfires
184 creatures vanquished.

Grand Total: 215 creatures vanquished

Notes
Turn   | Place    | Note
-------+----------+-------------------------------------------
     0 | D:1      | riojii the Djinni Fire Elementalist began the quest for the
                  | Orb.
     0 | D:1      | Reached XP level 1. HP: 15/15 MP: 0/0
   392 | D:1      | Reached XP level 2. HP: 18/22 MP: 0/0
  1061 | D:1      | Found a faded altar of an unknown god.
  1144 | D:1      | Reached XP level 3. HP: 23/26 MP: 0/0
  1144 | D:1      | Learned a level 1 spell: Sandblast
  1323 | D:2      | Reached skill level 1 in Fighting
  1539 | D:2      | Reached skill level 3 in Spellcasting
  1754 | D:2      | Found a broken altar of Ashenzari.
  1880 | D:2      | Noticed Terence
  1893 | D:2      | Quit the game

Illustrated notes

Levels and vault maps discovered:
D:1:      ncdulo_wetmaze, layout_rooms, hellmonk_ecumenical_altar_heavens_door
D:2:      layout_rooms, basic_altar, uniq_terence

Skill      XL: |  1  2  3 |
---------------+----------+-----
Fighting       | 1 |  1.2
Spellcasting   | 3 |  3.0
Dodging        | |  2.8
Stealth        | |  1.5

Action                   || total
-------------------------++-------
 Cast: Foxfire           ||   105
       Scorch            ||     1
  Use: Scroll            ||     1
Dodge: Dodged            ||     3

Table legend: (Time is in decaauts)
 A = Elapsed time spent in this place.
 B = Non-inter-level travel time spent in this place.
 C = Inter-level travel time spent in this place.
 D = Time resting spent in this place.
 E = Time spent auto-exploring this place.
 F = Levels seen in this place.
 G = Mean time per level.
                   A        B        C        D        E       F      G
               +--------+--------+--------+--------+--------+-----+--------+
         Total |   1892 |   1855 |     37 |      0 |   1657 |   2 |  946.0 |
       Dungeon |   1892 |   1855 |     37 |      0 |   1657 |   2 |  946.0 |
               +--------+--------+--------+--------+--------+-----+--------+

Top non-repeatable levels by time:
     D:1: 1283 daAuts
     D:2: 609 daAuts
